 Dungeon Crawl Stone Soup version 0.20-a0-501-g0de2c2e (webtiles) character file.

242 Ijustatesigmund the Skirmisher (level 6, -2/52 HPs)
             Began as a Barachian Fighter on Jan 19, 2017.
             Slain by Natasha (6 damage)
             ... on level 2 of the Dungeon.
             The game lasted 00:03:54 (1131 turns).

Ijustatesigmund the Skirmisher (Barachian Fighter)  Turns: 1131, Time: 00:03:55

Health: -2/52      AC:  6    Str: 19    XL:     6   Next: 9%
Magic:  6/6        EV:  7    Int:  7    God:
Gold:   30         SH:  9    Dex: 12    Spells: 5/5 levels left

rFire    . . .     SeeInvis .   a - +0 long sword
rCold    + . .     Gourm    .   b - +0 scale mail
rNeg     . . .     Faith    .   c - +0 shield
rPois    .         Spirit   .   (no helmet)
rElec    .         Reflect  .   (no cloak)
rCorr    .         Harm     .   (no gloves)
MR       .....                  (no boots)
Stlth    ..........             (no amulet)
Regen    0.2/turn               (no ring)
                                h - ring of protection from cold

@: mighty, slow
A: swims, slowness 1, strong legs 1
a: Hop


You were on level 2 of the Dungeon.
You were not hungry.

You visited 1 branch of the dungeon, and saw 3 of its levels.

You collected 30 gold pieces.

Inventory:

Hand Weapons
 a - a +0 long sword (weapon)
Armour
 b - a +0 scale mail (worn)
 c - a +0 shield (worn)
Jewellery
 h - a ring of protection from cold (left hand)
Scrolls
 e - a scroll of teleportation
Potions
 i - a potion of berserk rage {unknown}
Comestibles
 f - a bread ration
 g - 2 beef jerkies
 j - 2 chunks of flesh


   Skills:
 + Level 5.6 Fighting
 + Level 4.9 Long Blades
 - Level 3.2 Armour
 - Level 3.0 Shields


You had 5 spell levels left.
You didn't know any spells.

Dungeon Overview and Level Annotations

Branches:
Dungeon (3/15)

Altars:

Annotations:
D:2 Natasha


Innate Abilities, Weirdness & Mutations

You can swim through water.
You cover ground slowly.
You can hop short distances.


Message History

Level annotation: Natasha
There is a stone staircase leading down here.
Natasha mumbles some strange words.
You feel troubled.
You feel very mighty all of a sudden. Natasha claws you.
* * * LOW HITPOINT WARNING * * *
Natasha wildly gestures.
You feel disoriented. You block Natasha's attack.
You barely miss Natasha. Natasha claws you.
* * * LOW HITPOINT WARNING * * *
You closely miss Natasha. Natasha claws you.
* * * LOW HITPOINT WARNING * * *
You barely miss Natasha. Natasha claws you.
* * * LOW HITPOINT WARNING * * *
You slash Natasha!
Natasha is almost dead.
Natasha claws you.
You die...

### ..# ##. #.# #...
#.# #..# #.####..#
#...#..# ..# ##@...#
...
..#####h>#########
...
###.........#.......
#..
...##...#....#.....
#.#
#.....#..........# #
#.#
#..####.##.[##.#...
# #.#
###..#....###.# # #
###.###....#.####
#..[ ........#....#
#..#..


You could see Natasha.

Vanquished Creatures
  Sigmund (D:2)
  Natasha (twice) (D:2)
  A dart slug (D:1)
  4 bats (D:1)
  2 giant cockroaches (D:1)
  4 goblins (D:1)
  A hobgoblin (D:1)
  4 kobolds (D:1)
  6 frilled lizards
  5 rats (D:1)
30 creatures vanquished.

Notes
Turn   | Place    | Note
-------+----------+-------------------------------------------
     0 | D:1      | Ijustatesigmund the Barachian Fighter began the quest for the Orb.
     0 | D:1      | Reached XP level 1. HP: 18/18 MP: 1/1
    44 | D:1      | Reached XP level 2. HP: 15/24 MP: 2/2
   544 | D:1      | Reached skill level 4 in Fighting
   547 | D:1      | Reached XP level 3. HP: 20/30 MP: 3/3
   756 | D:2      | Noticed Natasha
   770 | D:2      | Killed Natasha
  1041 | D:2      | Noticed Sigmund
  1046 | D:2      | Noticed Natasha
  1051 | D:2      | Killed Sigmund
  1051 | D:2      | Reached skill level 5 in Fighting
  1051 | D:2      | Reached XP level 4. HP: 11/39 MP: 0/4
  1051 | D:2      | Reached XP level 5. HP: 13/44 MP: 0/5
  1055 | D:2      | HP: 2/44 [Natasha (1)]
  1058 | D:2      | Killed Natasha
  1058 | D:2      | Reached XP level 6. HP: 3/52 MP: 1/6
  1120 | D:2      | Noticed Natasha
  1131 | D:2      | Slain by Natasha

Vault maps used:
D:1:      minmay_arrival_loop
D:2:      first_bread, uniq_sigmund, uniq_natasha

Skill      XL: |  1  2  3 |
---------------+----------+-----
Fighting       | 4 5 |  5.6
Long Blades    | 4 |  4.9
Armour         | |  3.2
Shields        | |  3.0

Action                   |  1- 3 |  4- 6 || total
-------------------------+-------+-------++-------
Melee: Long sword        |    89 |    11 ||   100
  Use: Scroll            |     3 |       ||     3
       Potion            |     3 |     1 ||     4
  Eat: Chunk             |     1 |       ||     1
Armor: Scale mail        |    58 |     1 ||    59
Dodge: Dodged            |    30 |     2 ||    32
Block: Shield            |    46 |     4 ||    50
       Rpst.: Long sword |    14 |       ||    14
